 Dungeon Crawl Stone Soup version 0.30-a0-949-g53dc5368d7 (webtiles) character file.

Game seed: 3926504741820349916

18242 Demosthentine the Fighter (level 12, -7/87 HPs)
             Began as a Demonspawn Gladiator on Mar 28, 2023.
             Was an Elder of Hepliaklqana.
             Shot with an arrow by a centaur warrior (19 damage)
             ... on level 12 of the Dungeon.
             The game lasted 00:21:13 (11792 turns).

Demosthentine the Fighter (Demonspawn Gladiator)   Turns: 11792, Time: 00:21:14

Health: -7/87      AC: 17    Str: 19    XL:     12   Next: 26%
Magic:  17/17      EV: 16    Int:  7    God:    Hepliaklqana [****..]
Gold:   434        SH:  5    Dex: 14    Spells: 11/11 levels left

rFire   + + .      SeeInvis .    i - +3 spear (flame)
rCold   + . .      Faith    .    (no shield)
rNeg    + . .      Spirit   .    N - +0 troll leather armour
rPois   +          Reflect  +    Q - -2 hat of the Alchemist {rElec rPois rF+ rC+ rN+ Will+ rMut rCorr}
rElec   +          Rampage  .    a - +2 cloak
rCorr   +                        O - +0 pair of gloves
rMut    +                        m - +0 pair of boots
Will    ++...                    u - amulet of reflection
Stlth   +                        p - ring of poison resistance
HPRegen 1.14/turn                q - ring of protection from fire
MPRegen 0.15/turn

@: sanguine armoured
A: reduced essence, demonic guardian 1, sanguine armour 2, demonic magic 1,
weakness stinger 2, antennae 1, clumsy 1, dopey 1, strong-willed 1
a: Renounce Religion, Recall Ancestor, Ancestor Identity, Transference, Idealise


You were on level 12 of the Dungeon.
You worshipped Hepliaklqana.
Hepliaklqana was greatly pleased with you.
You visited 2 branches of the dungeon, and saw 13 of its levels.
You also visited: Ossuary and Gauntlet.

You collected 810 gold pieces.
You spent 376 gold pieces at shops.

Inventory:

Hand Weapons
 i - a +3 spear of flaming (weapon)
 R - a +0 trident of venom
Missiles
 e - 6 javelins (quivered)
 v - a throwing net
Armour
 a - a +2 cloak (worn)
 c - a +1 helmet
 m - a +0 pair of boots (worn)
 B - a +0 buckler
 N - a +0 troll leather armour (worn)
 O - a +0 pair of gloves (worn)
 Q - the -2 hat of the Alchemist (worn) {rElec rPois rF+ rC+ rN+ Will+ rMut rCorr}
   (You found it in a Gauntlet)

   rF:        It protects you from fire.
   rC:        It protects you from cold.
   rElec:     It insulates you from electricity.
   rPois:     It protects you from poison.
   rN:        It protects you from negative energy.
   rCorr:     It protects you from acid and corrosion.
   rMut:      It protects you from mutation.
   Will:      It increases your willpower.
Jewellery
 f - a ring of flight
 n - a +6 ring of dexterity
 p - a ring of poison resistance (left hand)
 q - a ring of protection from fire (right hand)
 u - an amulet of reflection (around neck)
 D - a +6 ring of dexterity
 H - a +6 ring of strength
 J - a +6 ring of dexterity
 K - a +6 ring of strength
 M - a +6 ring of dexterity
 P - a ring of fire
Wands
 A - a wand of flame (31)
 G - a wand of iceblast (4)
 L - a wand of paralysis (2)
 S - a wand of quicksilver (5)
Scrolls
 h - 4 scrolls of enchant armour
 k - 3 scrolls of silence
 s - 3 scrolls of amnesia
 x - 3 scrolls of teleportation
 y - 2 scrolls of blinking
 C - a scroll of poison
 T - a scroll of identify
Potions
 b - a potion of berserk rage
 d - a potion of resistance
 g - 6 potions of flight
 j - 6 potions of curing
 l - a potion of magic
 o - 4 potions of invisibility
 r - 3 potions of brilliance
 t - 3 potions of lignification
 w - a potion of experience {unknown}
 z - 3 potions of haste {unknown}
 E - 4 potions of degeneration
 F - 2 potions of might
 I - a potion of attraction {unknown}


   Skills:
 + Level 10.1 Fighting
 + Level 9.5 Polearms
 - Level 1.7 Throwing
 - Level 6.0 Armour
 + Level 9.5 Dodging
 + Level 4.9 Shields
 + Level 7.3 Invocations
 - Level 4.1 Evocations


You had 11 spell levels left.
You didn't know any spells.
Your spell library contained the following spells:

 Spells                   Type           Power      Damage    Failure   Level
 Blink                    Tloc           0%         N/A       63%         2
 Lesser Beckoning         Tloc           0%         N/A       63%         2
 Momentum Strike          Conj/Tloc      0%         3d8       63%         2
 Sublimation of Blood     Necr           0%         N/A       63%         2
 Wereblood                Tmut           0%         N/A       63%         2
 Gell's Gravitas          Tloc           0%         N/A       85%         3
 Hailstorm                Conj/Ice       0%         3d3       85%         3
 Summon Guardian Golem    Hex/Summ       0%         N/A       85%         3
 Teleport Other           Tloc           0%         N/A       85%         3
 Vhi's Electric Charge    Tloc/Air       0%         N/A       85%         3
 Ice Form                 Ice/Tmut       0%         N/A       99%         4
 Passage of Golubria      Tloc           0%         N/A       99%         4
 Silence                  Hex/Air        0%         N/A       100%        5
 Dispersal                Tloc           0%         N/A       100%        6
 Simulacrum               Ice/Necr       0%         N/A       100%        6
 Malign Gateway           Summ/Tloc      0%         N/A       100%        7
 Orb of Destruction       Conj           0%         9d5       100%        7
 Spellforged Servitor     Conj/Summ      0%         N/A       100%        7
 Summon Hydra             Summ           0%         N/A       100%        7
 Borgnjor's Revivificati  Necr           0%         N/A       100%        8
 Lehudib's Crystal Spear  Conj/Erth      0%         10d2      100%        8
 Necromutation            Tmut/Necr      0%         N/A       100%        8
 Death's Door             Necr           0%         N/A       100%        9


Dungeon Overview and Level Annotations

Branches:
Dungeon (12/15)            Temple (1/1) D:7            Lair (0/5) D:9
    Orc (0/2) D:9         Ossuary (visited)         Gauntlet (visited)

Altars:
Ashenzari
Cheibriados
Dithmenos
Fedhas
Gozag
Hepliaklqana
Kikubaaqudgha
Makhleb
Nemelex Xobeh
Okawaru
Qazlal
Ru
Sif Muna
Trog
Uskayaw
Vehumet
Wu Jian
Xom
Yredelemnul

Shops:
D:6 *   D:12 [

Annotations:
D:12 3 runed translucent doors, Esyecac's ghost, journeyman GnWn


Innate Abilities, Weirdness & Mutations

Your life essence is reduced to manifest your ancestor. (-10% HP)
A weak demonic guardian rushes to your aid.
When seriously injured, your blood forms thick armour. (AC +9)
Spells you cast may paralyse adjacent enemies.
You have a tail ending in a sharp stinger.
You have a pair of small antennae on your head.
You are clumsy. (Dex -2)
You are dopey. (Int -2)
You are strong-willed. (Will+)


Message History

No target in view!
Unknown command.
No target in view!
Unknown command.
No target in view!
Unknown command.
No target in view!
Your blood armour dries and flakes away.
HP restored.
A centaur warrior comes into view.
It is wearing the amulet of Xom's Capriciousness {Spirit rElec rPois Dex-3 SInv}.
A centaur warrior is nearby!
Leofdaeg points at the centaur warrior and mumbles some strange words.
The centaur warrior easily resists.
The centaur warrior wields a +1 longbow of flaming.
It bursts into flame!
The centaur warrior shoots an arrow.
The arrow hits you but does no damage.
The centaur warrior shoots an arrow.
The arrow hits you!!
A demonic guardian appears!
The arrow burns you.
The centaur warrior shoots an arrow.
The arrow hits you!!
Your blood congeals into armour.
The arrow burns you.
A centaur warrior is nearby!
You are too injured to fight recklessly!
You are too injured to fight recklessly!
A centaur warrior is nearby!
A centaur warrior is nearby!
You are too injured to fight recklessly!
You are too injured to fight recklessly!
A centaur warrior is nearby!
You are too injured to fight recklessly!
You are too injured to fight recklessly!
Unknown command.
You are too injured to fight recklessly!
The centaur warrior shoots an arrow.
The arrow hits you!
* * * LOW HITPOINT WARNING * * *
The arrow burns you.
* * * LOW HITPOINT WARNING * * *
The centaur warrior shoots an arrow.
The arrow hits you.
* * * LOW HITPOINT WARNING * * *
The centaur warrior shoots an arrow.
The arrow hits you!!
You die...

#.##.###..)..+...#.....
######{#9...#(....+...#.....
#.......#...#...(.+...#.#..#
#.......#..R#.$...#...#.....
#)......#####.(..W#...###.∩#
#.......###########.......<†
#.......^..................#
###############..[..#.......
.....c.@.R.5............
########################
#{....§cc..#..
.....####{c.H..# #.#
#.....#..#.. #....#..c....#
##.# ##.#c#.#. # ..... .#
.#.#T# ..


You could see the friendly Leofdaeg the hexer, a centaur warrior (ally target)
and a friendly white imp (summoned).

Vanquished Creatures
  A minotaur (Gauntlet)
  A catoblepas (Gauntlet)
  A two-headed ogre (D:12)
  A tengu warrior (D:12)
  Pikel (D:4)
  A cyclops (D:12)
  Maurice (D:8)
  2 molten gargoyles (D:12)
  An unseen horror (D:10)
  A gargoyle (D:10)
  A kobold demonologist (D:11)
  A komodo dragon (D:10)
  3 trolls
  Prince Ribbit (D:5)
  A shadow (D:9)
  A wraith (D:12)
  3 small abominations (Gauntlet)
  A vampire (D:12)
  7 yaks
  A vampire mosquito (D:12)
  Menkaure (D:5)
  A water moccasin (D:5)
  An ice beast (D:7)
  3 orc warriors
  A black bear (D:5)
  A wolf (D:9)
  6 centaurs
  2 ogres
  A lemure (D:4)
  2 phantoms
  2 bullfrogs (D:7)
  15 scorpions
  A wight (D:8)
  10 killer bees
  4 electric eels (D:9)
  2 howler monkeys
  A crimson imp (D:7)
  A centaur zombie (Ossuary)
  3 jellies
  7 hounds
  2 gnoll boudas (D:6)
  3 orc priests
  A human zombie (Ossuary)
  2 sleepcaps
  A hexer (D:12)
  4 iguanas
  3 scorpion zombies (Ossuary)
  7 orc wizards
  3 mummies (Ossuary)
  5 adders
  11 gnolls
  A shadow imp (D:7)
  2 white imps
  An ufetubus (D:5)
  4 worms
  5 dart slugs
  33 orcs
  3 ball pythons
  5 bats
  6 endoplasms
  3 giant cockroaches
  3 gnoll zombies (Ossuary)
  6 goblins
  9 hobgoblins
  3 jackals (D:4)
  4 quokkas
  5 frilled lizards
  4 goblin zombies (Ossuary)
  22 kobolds
  3 kobold zombies (Ossuary)
  An orc zombie (Ossuary)
  6 rats
  A butterfly (D:5)
268 creatures vanquished.

Vanquished Creatures (collateral kills)
  2 boulder beetles (D:12)
  A cyclops (D:11)
  A molten gargoyle (D:12)
  Maggie (D:9)
  A gargoyle (Gauntlet)
  An unseen horror (D:11)
  A kobold demonologist (D:11)
  A komodo dragon (D:11)
  A troll (D:10)
  2 slime creatures (D:12)
  A yak (D:11)
  2 wyverns
  A steam dragon (Gauntlet)
  An orc warrior (D:10)
  3 centaurs
  2 kobold brigands
  3 killer bees
  A lava snake (D:12)
  2 hounds (D:9)
  An orc priest (D:9)
  A sleepcap (D:6)
  4 orc wizards
  A gnoll (D:6)
  4 orcs
  A hobgoblin (D:2)
  3 kobolds
  A quokka (D:4)
44 creatures vanquished.

Vanquished Creatures (others)
  A molten gargoyle (D:12)
  A raiju (Gauntlet)
  7 hexers
  An orc wizard (D:3)
  2 ancestors (D:8)
  14 demonic plants (Gauntlet)
  A fire vortex (D:12)
  4 fungi (Gauntlet)
  19 plants
50 creatures vanquished.

Grand Total: 362 creatures vanquished

Notes
Turn   | Place    | Note
-------+----------+-------------------------------------------
     0 | D:1      | Demosthentine the Demonspawn Gladiator began the quest for
                  | the Orb.
     0 | D:1      | Reached XP level 1. HP: 16/16 MP: 1/1
    90 | D:1      | Found Zaco's Antique Weapon Boutique.
   147 | D:1      | Gained mutation: When seriously injured, your blood forms
                  | armour. (AC +9) [demonic ancestry]
   147 | D:1      | Reached XP level 2. HP: 11/22 MP: 2/2
   688 | D:2      | Reached skill level 1 in Armour
   691 | D:2      | Gained mutation: A weak demonic guardian rushes to your
                  | aid. [demonic ancestry]
   691 | D:2      | Reached XP level 3. HP: 28/28 MP: 3/3
  1088 | D:2      | Reached XP level 4. HP: 29/34 MP: 4/4
  1675 | D:3      | Reached skill level 3 in Fighting
  1784 | D:3      | Gained mutation: You have a small tail. [demonic ancestry]
  1784 | D:3      | Reached XP level 5. HP: 38/41 MP: 5/5
  2534 | D:4      | Noticed a lemure
  2535 | D:4      | Noticed Pikel
  2535 | D:4      | Noticed a lemure
  2535 | D:4      | Noticed a lemure
  2536 | D:4      | Noticed a lemure
  2560 | D:4      | Killed a lemure
  2573 | D:4      | Killed Pikel
  2574 | D:4      | Reached skill level 4 in Fighting
  2574 | D:4      | Reached XP level 6. HP: 14/49 MP: 6/6
  2574 | D:4      | Gained mutation: When seriously injured, your blood forms
                  | thick armour. (AC +9) [demonic ancestry]
  2574 | D:4      | Reached XP level 7. HP: 16/55 MP: 7/7
  3120 | D:5      | Entered Level 5 of the Dungeon
  3176 | D:5      | Found a stormy altar of Qazlal.
  3225 | D:5      | Reached skill level 5 in Fighting
  3225 | D:5      | Reached skill level 5 in Polearms
  3225 | D:5      | Reached skill level 5 in Dodging
  3225 | D:5      | Reached XP level 8. HP: 24/62 MP: 8/8
  3905 | D:5      | Found a shimmering altar of Xom.
  4131 | D:5      | Noticed Prince Ribbit
  4144 | D:5      | Killed Prince Ribbit
  4239 | D:5      | Noticed Menkaure
  4248 | D:5      | Killed Menkaure
  4249 | D:5      | Reached skill level 6 in Fighting
  4249 | D:5      | Reached skill level 5 in Armour
  4384 | D:6      | Gained mutation: You have a tail ending in a sharp stinger.
                  | [demonic ancestry]
  4384 | D:6      | Reached XP level 9. HP: 13/69 MP: 9/9
  4562 | D:6      | Found Eluath's Assorted Antiques.
  4566 | D:6      | Bought a potion of curing for 63 gold pieces
  4754 | D:6      | Found a sand-covered staircase.
  4765 | Ossuary  | Entered an ossuary
  5153 | Ossuary  | Reached skill level 7 in Fighting
  5526 | D:7      | Found a staircase to the Ecumenical Temple.
  5564 | Temple   | Entered the Ecumenical Temple
  5589 | Temple   | Became a worshipper of Hepliaklqana the Forgotten
  5614 | D:7      | Reached skill level 1 in Evocations
  5632 | D:7      | Gained mutation: You are partially covered in large bone
                  | plates. (SH +4) [potion of mutation]
  5632 | D:7      | Gained mutation: You are covered in fur. (AC +1) [potion of
                  | mutation]
  5632 | D:7      | Gained mutation: You sometimes lose your temper in combat.
                  | [potion of mutation]
  6481 | D:7      | Found a burning altar of Makhleb.
  6482 | D:7      | Found a radiant altar of Vehumet.
  6587 | D:8      | Reached * piety under Hepliaklqana
  6654 | D:8      | Reached XP level 10. HP: 68/71 MP: 10/10
  6879 | D:8      | Paralysed by something for 3 turns
  6888 | D:8      | Noticed Maurice
  6896 | D:8      | Killed Maurice
  7394 | D:9      | Found a bloodstained altar of Trog.
  7419 | D:9      | Found a staircase to the Lair.
  7504 | D:9      | Reached skill level 8 in Fighting
  7678 | D:9      | Noticed Maggie
  7693 | D:9      | Killed Maggie
  7845 | D:9      | Found a staircase to the Orcish Mines.
  8204 | D:9      | Lost mutation: You are covered in fur. (AC +1) [potion of
                  | mutation]
  8204 | D:9      | Lost mutation: You sometimes lose your temper in combat.
                  | [potion of mutation]
  8204 | D:9      | Gained mutation: You are occasionally teleported next to
                  | monsters. [potion of mutation]
  8204 | D:9      | Gained mutation: You passively map a small area around you.
                  | [potion of mutation]
  8205 | D:9      | Lost mutation: You passively map a small area around you.
                  | [potion of mutation]
  8205 | D:9      | Lost mutation: You are occasionally teleported next to
                  | monsters. [potion of mutation]
  8205 | D:9      | Lost mutation: You are partially covered in large bone
                  | plates. (SH +4) [potion of mutation]
  8205 | D:9      | Gained mutation: You have hidden genetic defects. [potion
                  | of mutation]
  8205 | D:9      | Gained mutation: You have a pair of small antennae on your
                  | head. [potion of mutation]
  8205 | D:9      | Gained mutation: You expend magic power (3 MP) to
                  | strengthen your wands. [potion of mutation]
  8229 | D:10     | Entered Level 10 of the Dungeon
  8234 | D:10     | Reached ** piety under Hepliaklqana
  8235 | D:10     | Remembered your ancestor Leofdaeg as a hexer
  8259 | D:10     | Reached skill level 1 in Invocations
  8739 | D:10     | Reached skill level 1 in Shields
  8776 | D:10     | Gained mutation: Potions are less effective at restoring
                  | your health. [hidden defects]
  8865 | D:10     | Reached XP level 11. HP: 78/78 MP: 13/13
  8968 | D:10     | Gained mutation: You are clumsy. (Dex -2) [hidden defects]
  8968 | D:10     | Lost mutation: You have hidden genetic defects. [hidden
                  | defects expressed]
  9327 | D:10     | Found a sparkling altar of Nemelex Xobeh.
  9331 | D:10     | Lost mutation: Potions are less effective at restoring your
                  | health. [potion of mutation]
  9331 | D:10     | Lost mutation: You expend magic power (3 MP) to strengthen
                  | your wands. [potion of mutation]
  9331 | D:10     | Gained mutation: You are dopey. (Int -2) [potion of
                  | mutation]
  9331 | D:10     | Gained mutation: You are strong-willed. (Will+) [potion of
                  | mutation]
  9429 | D:11     | Identified the +4 great sword of Fragile Peace {freeze,
                  | Will++}
  9499 | D:11     | Reached skill level 9 in Fighting
  9806 | D:11     | Found a gate leading to a gauntlet.
  9808 | D:11     | Reached *** piety under Hepliaklqana
  9814 | Gauntlet | Entered a Gauntlet
  9814 | Gauntlet | Noticed a catoblepas
  9814 | Gauntlet | Found a transporter.
  9814 | Gauntlet | Found a transporter.
  9815 | Gauntlet | Found a transporter.
  9818 | Gauntlet | Found a transporter.
  9818 | Gauntlet | Found a transporter.
  9818 | Gauntlet | Found a transporter.
  9828 | Gauntlet | Found a transporter.
  9832 | Gauntlet | Found a transporter.
  9839 | Gauntlet | Noticed a brown ugly thing
  9839 | Gauntlet | Noticed a great orb of eyes
  9842 | Gauntlet | Found a transporter.
  9842 | Gauntlet | Found the -2 hat of the Alchemist {rElec rPois rF+ rC+ rN+
                  | Will+ rMut rCorr}
  9851 | Gauntlet | Noticed a minotaur
  9937 | Gauntlet | Noticed an oklob plant
  9944 | Gauntlet | Found a transporter.
  9948 | Gauntlet | Found a transporter.
  9962 | Gauntlet | Found a transporter.
 10048 | Gauntlet | Killed a catoblepas
 10049 | Gauntlet | Reached skill level 5 in Invocations
 10252 | Gauntlet | HP: 3/80 [large abomination (27)]
 10328 | Gauntlet | Identified the +5 plate armour of Instinct {Rampage +Inv
                  | Dex-5}
 10371 | Gauntlet | Killed a minotaur
 10417 | Gauntlet | Got Zaput's Papyrus of the Singularity
 10907 | D:12     | Found Vuaxasemp's Antique Armour Boutique.
 10986 | D:12     | Bought a twisted cloak for 313 gold pieces
 10986 | D:12     | Identified the +1 cloak of Sin {rPois rN+} (You bought it
                  | in a shop on level 12 of the Dungeon)
 10995 | D:12     | Found a runed translucent gate.
 10996 | D:12     | Found a runed translucent gate.
 10996 | D:12     | Found a runed translucent gate.
 11214 | D:12     | Noticed a two-headed ogre
 11217 | D:12     | Reached **** piety under Hepliaklqana
 11224 | D:12     | Killed a two-headed ogre
 11306 | D:12     | Noticed a boulder beetle
 11347 | D:12     | Killed a boulder beetle
 11348 | D:12     | Gained mutation: Spells you cast may paralyse adjacent
                  | enemies. [demonic ancestry]
 11348 | D:12     | Reached XP level 12. HP: 48/87 MP: 16/16
 11357 | D:12     | Noticed a boulder beetle
 11471 | D:12     | Reached skill level 10 in Fighting
 11488 | D:12     | Noticed a centaur warrior
 11646 | D:12     | Noticed Esyecac's ghost (journeyman GnWn)
 11654 | D:12     | Noticed a tengu warrior
 11654 | D:12     | Noticed a boulder beetle
 11675 | D:12     | Killed a tengu warrior
 11749 | D:12     | Killed a boulder beetle
 11788 | D:12     | Identified the amulet of Xom's Capriciousness {Spirit rElec
                  | rPois Dex-3 SInv}
 11788 | D:12     | Noticed a centaur warrior
 11792 | D:12     | Shot with an arrow by a centaur warrior

Illustrated notes

Levels and vault maps discovered:
D:1:      matt_arrival_los_fun, layout_basic, serial_shops, shop_fountains
D:2:      layout_basic, small_statue_intersection
D:3:      layout_loops_corners
D:4:      layout_rooms, zin_treasury, nicolae_elevator_lobby_asterisk,
          uniq_pikel
D:5:      layout_loops_ring, xom_butterflies,
          mainiacjoe_overflow_six_doors_small, hex_tiny, uniq_prince_ribbit1,
          uniq_menkaure
D:6:      wander_river, layout_basic, enter_ossuary_1, serial_shops, shop
D:7:      layout_loops_corners, grunt_temple_overflow_lords_of_destruction,
          minmay_temple_entry_waves
D:8:      layout_loops_cross, palyth_stone_intersect, st_stairs_7,
          minmay_strange_pillars, uniq_maurice
D:9:      layout_cave_pools, mainiacjoe_overflow_paths, erik_lair_island,
          orc_0_dummy, uniq_maggie
D:10:     layout_roguey, mainiacjoe_overflow_chevrons
D:11:     layout_gridville, gauntlet_entry_generic
D:12:     minmay_the_grid_triangle_9x9_line_8_mashed
          [minmay_the_grid_triangle_9x9_from_above,
          minmay_the_grid_triangle_9x9_semitri,
          minmay_the_grid_triangle_9x9_stretched_checkered,
          minmay_the_grid_triangle_9x9_sprig,
          minmay_the_grid_triangle_9x9_corrupted_corridor,
          minmay_the_grid_triangle_9x9_sparse_checkered,
          minmay_the_grid_triangle_9x9_zippers_vertical,
          minmay_the_grid_triangle_9x9_prize_special], layout_basic,
          ebering_ghost_rock_garden, serial_shops, shop, minivault_8
Temple:   hellmonk_temple_two_chambers

Skill      XL: |  1  2  3  4  5  6  7  8  9 10 11 12 |
---------------+-------------------------------------+-----
Polearms       | 3 4 5 6 7 8 9 |  9.5
Dodging        | 3 4 5 6 7 8 9 |  9.5
Armour         | 1 3 4 5 6 |  6.0
Fighting       | 3 4 5 6 7 8 9 10 | 10.1
Evocations     | 2 4 |  4.1
Invocations    | 3 6 7 |  7.3
Shields        | 1 4 |  4.9
Throwing       | |  1.7

Action                     |  1- 3 |  4- 6 |  7- 9 | 10-12 || total
---------------------------+-------+-------+-------+-------++-------
  Melee: Trident           |   135 |    16 |       |       ||   151
         Spear             |       |   100 |   562 |   744 ||  1406
         Punch             |       |     3 |     8 |     9 ||    20
         Tailslap          |       |     2 |    85 |   116 ||   203
  Throw: Throwing net      |       |     2 |     1 |     2 ||     5
         Javelin           |       |       |       |     1 ||     1
 Invoke: Ancestor Life: He |       |       |       |     1 ||     1
    Use: Scroll            |     4 |     7 |     9 |     7 ||    27
         Potion            |       |       |     6 |     8 ||    14
   Stab: Sleeping          |     2 |     2 |     2 |       ||     6
         Held in net/web   |       |     1 |     1 |     1 ||     3
         Distracted        |       |       |       |    12 ||    12
         Confused          |       |       |       |     6 ||     6
 Armour: Leather armour    |    45 |    34 |   109 |    48 ||   236
         Troll leather arm |       |       |       |   108 ||   108
  Dodge: Dodged            |    93 |    30 |   204 |   316 ||   643
  Block: Other             |       |       |    58 |   110 ||   168
         Reflection        |       |       |     1 |     8 ||     9

Table legend: (Time is in decaauts)
 A = Elapsed time spent in this place.
 B = Non-inter-level travel time spent in this place.
 C = Inter-level travel time spent in this place.
 D = Time resting spent in this place.
 E = Time spent auto-exploring this place.
 F = Levels seen in this place.
 G = Mean time per level.
                   A        B        C        D        E       F      G
               +--------+--------+--------+--------+--------+-----+--------+
         Total |  11535 |  11267 |    268 |    627 |   7688 |  15 |  769.0 |
       Dungeon |  10422 |  10154 |    268 |    536 |   7251 |  12 |  868.5 |
        Temple |     34 |     34 |      0 |      0 |     10 |   1 |   34.0 |
       Ossuary |    460 |    460 |      0 |      0 |    231 |   1 |  460.0 |
      Gauntlet |    617 |    617 |      0 |     91 |    196 |   1 |  617.0 |
               +--------+--------+--------+--------+--------+-----+--------+

Top non-repeatable levels by time:
     D:5: 1177 daAuts
    D:10: 1103 daAuts
     D:7: 1084 daAuts
     D:3: 995 daAuts
    D:11: 887 daAuts
     D:8: 849 daAuts
     D:2: 847 daAuts
     D:9: 805 daAuts
    D:12: 762 daAuts
     D:1: 696 daAuts
     D:6: 628 daAuts
Gauntlet: 617 daAuts
     D:4: 584 daAuts
 Ossuary: 460 daAuts
  Temple: 34 daAuts
